 Dungeon Crawl Stone Soup version 0.31-a0-986-g5e6e4ef867 (webtiles) character file.

Game seed: 7156803359327352524

4969 Firecrotchwizard the Cleaver (level 10, -2/139 HPs)
             Began as a Hill Orc Berserker on Nov 23, 2023.
             Was an Elder of Trog.
             Slain by a +6 spectral quarterstaff (5 damage)
             ... created by Joseph
             ... on level 7 of the Dungeon.
             The game lasted 00:15:53 (7415 turns).

Firecrotchwizard the Cleaver (Hill Orc Berserker)   Turns: 7415, Time: 00:15:54

Health: -2/139     AC: 16    Str: 25    XL:     10   Next: 53%
Magic:  10/10      EV:  7    Int:  7    God:    Trog [****..]
Gold:   284        SH:  5    Dex: 10    Spells: 9/9 levels left

rFire   . . .        n - +0 broad axe
rCold   + . .        (no shield)
rNeg    . . .        r - +0 plate armour
rPois   .            (no helmet)
rElec   .            y - scarf {repulsion}
rCorr   .            j - +1 pair of gloves
SInv    .            v - +0 pair of boots
Will    .....        q - amulet of reflection Stlth
                     a - ring of protection from cold
HPRegen 0.43/turn    (no ring)
MPRegen 0.12/turn

%: repel missiles, reflection
@: berserking, very quick
A: no striking features
a: Renounce Religion, Berserk, Trog's Hand, Brothers in Arms


You were on level 7 of the Dungeon.
You worshipped Trog.
Trog was greatly pleased with you.
You visited 1 branch of the dungeon, and saw 7 of its levels.
You also visited: Bailey.

You collected 284 gold pieces.

Inventory:

Hand Weapons
 n - a +0 broad axe (weapon)
 z - a +1 war axe
 B - a +0 battleaxe
Missiles
 b - 6 curare-tipped darts
 o - 10 poisoned darts
Armour
 h - a +0 chain mail
 j - a +1 pair of gloves (worn)
 m - a +0 scale mail
 r - a +0 plate armour (worn)
 v - a +0 pair of boots (worn)
 y - a scarf of repulsion (worn)
Jewellery
 a - a ring of protection from cold (left hand)
 q - an amulet of reflection (around neck)
Scrolls
 f - 2 scrolls of fog
 i - a scroll of identify
 t - 5 scrolls of teleportation
 w - a scroll of summoning
Potions
 c - a potion of lignification {unknown}
 d - a potion of haste {unknown}
 e - a potion of cancellation
 g - 2 potions of curing {unknown}
 k - a potion of attraction {unknown}
 l - a potion of resistance {unknown}
 p - 2 potions of invisibility
 s - a potion of mutation {unknown}
 u - a potion of might {unknown}
 x - 2 potions of brilliance
 A - a potion of heal wounds {unknown}


   Skills:
 + Level 9.8 Fighting
 * Level 14.4 Axes
 + Level 4.6 Throwing
 - Level 6.3 Armour
 - Level 1.5 Dodging


You had 9 spell levels left.
You didn't know any spells.
Your spell library was empty.

Dungeon Overview and Level Annotations

Branches:
Dungeon (7/15)             Bailey (visited)
 Temple: D:4-7

Altars:
Dithmenos
Elyvilon
Sif Muna

Annotations:
D:3 1 runed translucent door, wildpjah's ghost, amateur TeFi
D:7 Joseph


Message History

You slash the gnoll! You slash the kobold!
You kill the kobold!
Trog accepts your kill.
You hit the kobold but do no damage. The kobold closely misses you.
You block the gnoll's attack.
You hit the gnoll.
The gnoll is almost dead.
You barely miss the kobold. You hit the gnoll. x2
The kobold hits you but does no damage. The gnoll hits you but does no damage.
The gnoll hits you with a +0 club. The gnoll hits you with a +0 flail.
You closely miss the gnoll.
The gnoll is almost dead.
You hit the gnoll. You hit the kobold but do no damage.
You closely miss the gnoll.
Your attacks no longer feel as feeble.
The kobold hits you with a +0 dagger.
Joseph, a Mercenary comes into view.
He is wielding a +6 spectral quarterstaff.
You block the gnoll's attack. The gnoll closely misses you. x2
Joseph shouts!
You slash the gnoll!
You kill the gnoll!
Trog accepts your kill.
You hit the kobold but do no damage. You closely miss the gnoll.
You hit the gnoll.
You kill the gnoll!
Trog accepts your kill.
You hear a shout!
The kobold hits you but does no damage.
An orc warrior comes into view. It is wielding a +0 flail.
You block the gnoll's attack.
You closely miss the scorpion. You slash the kobold!
You kill the kobold!
Trog accepts your kill.
You barely miss the gnoll. The scorpion barely misses you.
The gnoll hits you but does no damage.
You hit the scorpion.
The scorpion is moderately wounded.
You barely miss the gnoll.
The scorpion stings you but does no damage.
You block the scorpion's attack.
You closely miss the scorpion.
The scorpion is moderately wounded.
You hit the gnoll. The gnoll hits you with a +0 club! The scorpion stings you.
A red film seems to cover your vision as you go berserk!
You feel yourself moving faster!
You feel mighty! The acid dragon spits acid at you.
The splash of acid hits you!! The gnoll hits you but does no damage.
The scorpion stings you but does no damage.
You slice the acid dragon!!
The acid dragon is severely wounded.
You slice the scorpion!!
You kill the scorpion!
Trog accepts your kill.
You hit the gnoll. You block the gnoll's attack.
You block the acid dragon's attack.
The acid dragon claws you but does no damage.
You slice the acid dragon!!
You kill the acid dragon!
Trog accepts your kill.
You hit the gnoll.
You kill the gnoll!
Trog accepts your kill.
You can now call in reinforcements.
Unknown command.
Joseph hits you with a +6 spectral quarterstaff!
* * * LOW HITPOINT WARNING * * *
The +6 spectral quarterstaff completely misses you.
A +6 spectral quarterstaff comes into view.
You see here a +0 club.
You slash Joseph!
Joseph is lightly wounded.
You slash the orc warrior!
You barely miss the +6 spectral quarterstaff.
Joseph hits you with a +6 spectral quarterstaff!
* * * LOW HITPOINT WARNING * * *
The +6 spectral quarterstaff hits you!
* * * LOW HITPOINT WARNING * * *
The orc warrior hits you with a +0 flail.
* * * LOW HITPOINT WARNING * * *
You slash Joseph!
Joseph is moderately wounded.
You closely miss the orc warrior. You slash the +6 spectral quarterstaff!
Joseph shares his spectral weapon's damage!
You slice Joseph!!
Joseph is heavily wounded.
You slash the orc warrior!
You barely miss the +6 spectral quarterstaff.
Joseph hits you with a +6 spectral quarterstaff!
* * * LOW HITPOINT WARNING * * *
The +6 spectral quarterstaff hits you!
* * * LOW HITPOINT WARNING * * *
The orc warrior hits you with a +0 flail.
* * * LOW HITPOINT WARNING * * *
You slice Joseph!!
Joseph is severely wounded.
You closely miss the orc warrior.
You closely miss the +6 spectral quarterstaff.
Joseph hits you with a +6 spectral quarterstaff!
* * * LOW HITPOINT WARNING * * *
The +6 spectral quarterstaff hits you.
You die...

#.....#
#########.....+
+......##.....#
#......##.....#
#......#.....#
#......#.....#
#.....##))...#
+.....##.....##.....#
#.............))@...#
#............##o(@..#
#.....#####'###.....#
#.....##.....##.....#
#.....##.....+......#
#.....##.....##.....#
#............##.....#
'.....#########......
#.....#


You could see Joseph, an orc warrior and a +6 spectral quarterstaff.

Vanquished Creatures
  2 vault guards (Bailey)
  A troll (D:7)
  Prince Ribbit (Bailey)
  Eustachio (D:6)
  3 humans (Bailey)
  Menkaure (D:7)
  An acid dragon (D:7)
  A water moccasin (D:7)
  A sky beast (D:3)
  An ice beast (D:6)
  5 ogres
  A kobold brigand (D:7)
  A phantom (D:7)
  10 bullfrogs (Bailey)
  A gnoll sergeant (D:7)
  2 scorpions
  2 jellies
  5 hounds
  5 orc priests
  2 gnoll boudas
  3 iguanas
  2 sleepcaps (D:6)
  An orc wizard (D:6)
  9 adders
  13 gnolls
  A shadow imp (D:6)
  A white imp (D:4)
  3 worms
  2 dart slugs
  20 orcs
  5 ball pythons
  6 endoplasms
  5 giant cockroaches
  14 goblins
  6 hobgoblins
  7 kobolds
  A quokka (D:3)
  9 bats
  4 frilled lizards
  7 rats
166 creatures vanquished.

Notes
Turn   | Place    | Note
-------+----------+-------------------------------------------
     0 | D:1      | Firecrotchwizard the Hill Orc Berserker began the quest for
                  | the Orb.
     0 | D:1      | Reached XP level 1. HP: 19/19 MP: 1/1
   184 | D:1      | Reached XP level 2. HP: 15/27 MP: 2/2
   437 | D:1      | Reached XP level 3. HP: 30/33 MP: 3/3
   739 | D:1      | Reached ** piety under Trog
   911 | D:2      | Reached skill level 5 in Axes
  1055 | D:2      | Identified the +5 mace of Guzoadou {antimagic, Str+3}
  1525 | D:3      | Reached XP level 4. HP: 40/40 MP: 4/4
  1610 | D:3      | Noticed a bullfrog
  1612 | D:3      | Found a runed translucent door.
  1612 | D:3      | Noticed wildpjah's ghost (amateur TeFi)
  1923 | D:3      | Noticed a sky beast
  1935 | D:3      | Killed a sky beast
  1936 | D:3      | Reached skill level 6 in Axes
  1936 | D:3      | Reached XP level 5. HP: 47/47 MP: 5/5
  2005 | D:3      | Found a white marble altar of Elyvilon.
  2439 | D:4      | Reached skill level 5 in Fighting
  2439 | D:4      | Reached XP level 6. HP: 47/56 MP: 6/6
  2580 | D:4      | Reached skill level 7 in Axes
  3149 | D:4      | Reached XP level 7. HP: 46/61 MP: 7/7
  3340 | D:4      | Found a shadowy altar of Dithmenos.
  3381 | D:4      | Reached skill level 8 in Axes
  3643 | D:4      | Reached *** piety under Trog
  3723 | D:5      | Entered Level 5 of the Dungeon
  4242 | D:5      | Reached skill level 5 in Armour
  4255 | D:5      | Reached skill level 9 in Axes
  4377 | D:5      | Reached XP level 8. HP: 67/71 MP: 2/8
  5107 | D:6      | Noticed Eustachio
  5122 | D:6      | Reached skill level 10 in Axes
  5129 | D:6      | Killed Eustachio
  6094 | D:7      | Found a shimmering blue altar of Sif Muna.
  6127 | D:7      | Reached skill level 11 in Axes
  6127 | D:7      | Reached XP level 9. HP: 48/79 MP: 9/9
  6466 | D:7      | Noticed a troll
  6477 | D:7      | Reached skill level 1 in Throwing
  6478 | D:7      | Killed a troll
  6487 | D:7      | Found a flagged portal.
  6541 | Bailey   | Entered a bailey
  6559 | Bailey   | Reached skill level 12 in Axes
  6778 | Bailey   | Reached **** piety under Trog
  6897 | Bailey   | Noticed a vault guard
  6897 | Bailey   | Noticed Prince Ribbit
  6903 | Bailey   | Killed Prince Ribbit
  6904 | Bailey   | Reached skill level 13 in Axes
  6916 | Bailey   | Killed a vault guard
  6917 | Bailey   | Reached XP level 10. HP: 74/91 MP: 10/10
  6939 | Bailey   | Noticed a vault guard
  6958 | Bailey   | HP: 2/91 [vault guard/+0 broad axe (16)]
  6960 | Bailey   | Killed a vault guard
  6961 | Bailey   | Reached skill level 14 in Axes
  7352 | D:7      | Noticed Menkaure
  7358 | D:7      | Killed Menkaure
  7392 | D:7      | Identified the +3 robe "Fucri" {rN+}
  7403 | D:7      | Noticed Joseph
  7415 | D:7      | HP: 3/139 [Joseph/+6 spectral quarterstaff (14)]
  7415 | D:7      | Slain by a +6 spectral quarterstaff

Illustrated notes

Levels and vault maps discovered:
D:1:      dpeg_arrival_subterranean_lakeside_camping, layout_rooms,
          kennysheep_doodads, minmay_pentomino_u2
D:2:      kennysheep_big_flooded_room, layout_loops_ring
D:3:      layout_loops_cross, elyvilon_altar_5, cheibrodos_sewer_entry_bend,
          ebering_ghost_sewer_d
D:4:      layout_loops_ring, kennysheep_mini_moat
D:5:      layout_loops_ring
D:6:      layout_rooms, chequers_serial_rivers_room_b, uniq_eustachio
D:7:      layout_gridville, mainiacjoe_overflow_small_starburst,
          minmay_temple_entry_grid, enter_bailey_3, hangedman_minor_gate_pass,
          uniq_menkaure, uniq_joseph

Skill      XL: |  1  2  3  4  5  6  7  8  9 10 |
---------------+-------------------------------+-----
Fighting       | 4 5 6 7 9 |  9.8
Axes           | 5 6 7 9 11 13 14 | 14.4
Armour         | 3 4 5 6 |  6.3
Throwing       | 4 |  4.6
Dodging        | |  1.5

Action                     |  1- 3 |  4- 6 |  7- 9 | 10-12 || total
---------------------------+-------+-------+-------+-------++-------
  Melee: Hand axe          |   131 |   167 |   106 |       ||   404
         Mace              |     3 |       |    40 |       ||    43
         Punch             |       |     2 |     4 |     1 ||     7
         War axe           |       |       |   163 |    18 ||   181
         Broad axe         |       |       |       |    25 ||    25
  Throw: Dart              |       |     5 |       |       ||     5
 Invoke: Berserk           |       |     2 |     5 |     1 ||     8
         Trog's Hand       |       |       |     4 |     1 ||     5
  Evoke: Wand              |       |       |     6 |     2 ||     8
    Use: Scroll            |       |       |    15 |     1 ||    16
         Potion            |       |       |       |     1 ||     1
 Armour: Animal skin       |    20 |       |       |       ||    20
         Ring mail         |    35 |       |       |       ||    35
         Leather armour    |     3 |       |       |       ||     3
         Scale mail        |    30 |   109 |   127 |       ||   266
         Chain mail        |       |       |    75 |    10 ||    85
         Plate armour      |       |       |       |    30 ||    30
  Dodge: Dodged            |    67 |    79 |   121 |    14 ||   281
         Repelled          |       |       |     1 |       ||     1
  Block: Other             |       |       |    35 |     9 ||    44

Table legend: (Time is in decaauts)
 A = Elapsed time spent in this place.
 B = Non-inter-level travel time spent in this place.
 C = Inter-level travel time spent in this place.
 D = Time resting spent in this place.
 E = Time spent auto-exploring this place.
 F = Levels seen in this place.
 G = Mean time per level.
                   A        B        C        D        E       F      G
               +--------+--------+--------+--------+--------+-----+--------+
         Total |   7455 |   7165 |    290 |   2157 |   3642 |   8 |  931.9 |
       Dungeon |   6708 |   6418 |    290 |   1704 |   3544 |   7 |  958.3 |
        Bailey |    747 |    747 |      0 |    452 |     97 |   1 |  747.0 |
               +--------+--------+--------+--------+--------+-----+--------+

Top non-repeatable levels by time:
     D:4: 1327 daAuts
     D:5: 1273 daAuts
     D:6: 1189 daAuts
     D:3: 1039 daAuts
     D:1: 786 daAuts
  Bailey: 747 daAuts
     D:2: 585 daAuts
     D:7: 506 daAuts
